 Dungeon Sprint DCSS version 0.17-a0-1642-gd4b747b (webtiles) character file.

0 nuthulu the Skirmisher (level 1, -4/15 HPs)
             Began as a Gargoyle Fighter on Aug 8, 2015.
             Was an Initiate of Trog.
             Slain by an ogre
             ... wielding a +0 giant club
              (9 damage)
             ... in the Dungeon (Sprint VI: "Thunderdome").
             The game lasted 00:00:30 (51 turns).

nuthulu the Skirmisher (Gargoyle Fighter)             Turns: 51, Time: 00:00:30

Health: -4/15      AC:  9    Str: 24    XL:     1   Next: 50%
Magic:  1/1        EV:  7    Int:  8    God:    Trog [......]
Gold:   32         SH:  9    Dex:  9    Spells: 0 memorised, 0 levels left

rFire  . . .     SeeInvis .     a - +0 war axe
rCold  . . .     Clarity  .     b - +0 scale mail
rNeg   + . .     SustAt   .     c - +0 shield
rPois  ∞         Gourm    .     (no helmet)
rElec  +         Spirit   .     (no cloak)
rCorr  .         Warding  .     (no gloves)
rMut   .         NoTele   +     (no boots)
MR     .....                    (no amulet)
Stlth  ..........               (no ring)
                                (no ring)

@: mighty, not resistant to hostile enchantments, extremely unstealthy
A: negative energy resistance 1, electricity resistance, unbreathing,
petrification resistance, rot immunity, AC +2
a: Burn Spellbooks, Renounce Religion


You were in the Dungeon.
You worshipped Trog.
Trog was noncommittal.
You were not hungry.

You visited 1 branch You collected 200 gold pieces.
You spent 168 gold pieces at shops.

Inventory:

Hand weapons
 a - a +0 war axe (weapon)
Armour
 b - a +0 scale mail (worn)
 c - a +0 shield (worn)
Magical devices
 l - a wand of cold (5)
 m - a wand of fire (5)
Scrolls
 k - 4 scrolls of blinking
 n - 3 scrolls of fog
Potions
 d - 6 potions of might
 f - a potion of curing
 g - 3 potions of heal wounds
 h - 4 potions of haste
 i - 2 potions of magic
 j - a potion of berserk rage
 o - a potion of resistance
Comestibles
 e - a bread ration
 p - a chunk of flesh


   Skills:
 + Level 3.8 Fighting
 + Level 2.0 Axes
 - Level 3.6 Armour
 - Level 3.7 Shields


You couldn't memorise any spells.
You didn't know any spells.

Dungeon Overview and Level Annotations

Branches:
Dungeon (1/1)

Altars:
Gozag
Kikubaaqudgha
Makhleb
Okawaru
Qazlal
Sif Muna
Trog
Vehumet
Xom
Yredelemnul
Zin
Jiyva

Shops:
D ??:(!!!!


Innate Abilities, Weirdness & Mutations

You are resistant to torment.
Your stone body is resilient (AC +2).
You are immune to poison.
You resist negative energy.
You are resistant to electric shocks.
You can survive without breathing.
You are immune to petrification.
You are immune to rotting.


Message History

You feel much better. The ogre barely misses you.
Drink which item? (? for menu, Esc to quit)
You feel very mighty all of a sudden.
The quokka twitches its whiskers.
You barely miss the ogre.
The ogre is lightly wounded.
You closely miss the quokka. You block the quokka's attack.
The ogre barely misses you. You block the quokka's attack.
The ogre hits you with a giant club!
Ouch! That really hurt!
You barely miss the ogre.
The ogre is lightly wounded.
You closely miss the quokka. You block the quokka's attack.
The quokka barely misses you. The ogre hits you with a giant club.
You hit the ogre.
The ogre is moderately wounded.
You closely miss the quokka. You block the quokka's attack.
The ogre hits you with a giant club!
Ouch! That really hurt!
You die...

##### ##⌠⌠⌠## #.....#
##.....## ##∩.....∩##
#∩.......∩# #_......._#
#_......._# #.O@r...._#
###.........###
#⌠...........§#
#.8.........8.######
_......###......._.∩##
......8.# #.8........∩##
........###........÷....
.....###...###..........
.. #.<.# #..........


You could see an ogre and a quokka.

Vanquished Creatures
  A giant gecko (D)
  A bat (D)
2 creatures vanquished.

Notes
Turn   | Place    | Note
--------------------------------------------------------------
     0 | D        | nuthulu the Gargoyle Fighter began the quest for the Orb.
     0 | D        | Reached XP level 1. HP: 14/14 MP: 1/1
     1 | D        | Found a bloodstained altar of Trog.
     2 | D        | Found an opulent altar of Gozag.
     2 | D        | Found a basalt altar of Yredelemnul.
     3 | D        | Found an iron altar of Okawaru.
     4 | D        | Found Neemp's Do-It-Yourself Clinic.
     4 | D        | Found a viscous altar of Jiyva.
     4 | D        | Found Ekoo's Distillery.
     5 | D        | Found Depasuqa's Bottled Wisdom.
     5 | D        | Found Wanneej's Distillery.
     5 | D        | Round 1.
     6 | D        | Found a radiant altar of Vehumet.
     9 | D        | Became a worshipper of Trog the Wrathful
    15 | D        | Found a glowing silver altar of Zin.
    18 | D        | Bought 6 potions of might for 168 gold pieces
    36 | D        | Found a shimmering altar of Xom.
    38 | D        | Found a stormy altar of Qazlal.
    39 | D        | Found Fearr's Staff Store.
    40 | D        | Found a deep blue altar of Sif Muna.
    40 | D        | Found a burning altar of Makhleb.
    40 | D        | Found Forrool's Magic Scroll Shop.
    40 | D        | Found Coacotal's Must-Have Magic.
    40 | D        | Found Uleefuif's Magic Scroll Shop.
    42 | D        | Noticed an ogre
    44 | D        | Found an ancient bone altar of Kikubaaqudgha.
    51 | D        | Slain by an ogre

Vault maps used:
D:        arena_sprint

Action                   || total
-------------------------++-------
Melee: War axe           ||     9
  Use: Potion            ||     2
